 Dungeon Crawl Stone Soup version 0.28.0-53-g5a82cb258f (webtiles) character file.

Game seed: 5640706392652905601

983 LynnLen the Covert (level 7, -6/36 HPs)
             Began as a Vampire Enchanter on Aug 16, 2022.
             Mangled by an ogre
             ... wielding a +0 giant club
              (32 damage)
             ... on level 5 of the Dungeon.
             The game lasted 00:16:52 (5738 turns).

LynnLen the Covert (Vampire Enchanter)              Turns: 5738, Time: 00:16:53

Health: -6/36      AC:  9    Str:  7    XL:     7   Next: 96%
Magic:  7/10       EV: 11    Int: 18    God:
Gold:   255        SH:  0    Dex: 16    Spells: 7/10 levels left

rFire   . . .      SeeInvis +   a - +1 dagger
rCold   + + .      Faith    .   (no shield)
rNeg    + + +      Spirit   .   h - +0 leather armour
rPois   ∞          Reflect  .   (no helmet)
rElec   .          Harm     .   j - +1 cloak
rCorr   .          Rampage  .   (no gloves)
Will    .....                   (no boots)
Stlth   ++++++....              (no amulet)
HPRegen 0.00/turn               c - +4 ring of protection
MPRegen 0.12/turn               (no ring)

@: confusing by touch, bloodless, inhibited regen
A: bloodless, fangs 3, see invisible, vampiric 2
a: Bat Form, Revivify


You were on level 5 of the Dungeon.
You visited 1 branch of the dungeon, and saw 5 of its levels.

You collected 255 gold pieces.

Inventory:

Hand Weapons
 a - a +1 dagger (weapon)
 e - a +0 hunting sling
Missiles
 g - 30 sling bullets
 i - 122 stones
Armour
 h - a +0 leather armour (worn)
 j - a +1 cloak (worn)
Jewellery
 c - a +4 ring of protection (left hand)
Wands
 f - a wand of polymorph (9)
 k - a wand of iceblast (8)
Scrolls
 l - a scroll of enchant armour
 p - a scroll of amnesia {unknown}
 q - a scroll of fog {unknown}
Potions
 b - 2 potions of attraction {unknown}
 d - a potion of haste
 m - 2 potions of heal wounds {unknown}
 n - a potion of brilliance
 o - a potion of curing {unknown}
 r - a potion of lignification {unknown}


   Skills:
 * Level 8.2 Short Blades
 - Level 2.1 Dodging
 + Level 9.3 Stealth
 - Level 2.0 Spellcasting
 - Level 4.4 Hexes


You had 7 spell levels left.
You knew the following spells:

 Your Spells              Type           Power      Damage    Failure   Level
a - Confusing Touch       Hex            17%        N/A       14%         3

Your spell library contained the following spells:

 Spells                   Type           Power      Damage    Failure   Level
 Tukima's Dance           Hex            17%        N/A       14%         3
 Ensorcelled Hibernation  Hex/Ice        18%        N/A       17%         2
 Dazzling Flash           Conj/Hex       18%        N/A       32%         3
 Passwall                 Tmut/Erth      0%         N/A       38%         2
 Swiftness                Air            1%         N/A       63%         3


Dungeon Overview and Level Annotations

Branches:
Dungeon (5/15)
 Temple: D:4-7

Altars:

Shops:
D:3 (

Annotations:
D:3 3 runed translucent doors, Underfrisk's ghost, amateur NaWn


Innate Abilities, Weirdness & Mutations

You do not regenerate when monsters are visible.
You are frail without blood (-20% HP).
You can heal yourself when you bite living creatures.
You are immune to poison.
You have razor-sharp teeth.
You have supernaturally acute eyesight. (SInv)
You are afflicted with vampirism and can become a bat while bloodless.


Message History

The orc wizard barely misses you.
You hit the orc wizard but do no damage.
You hit the orc wizard but do no damage.
The orc wizard hits you but does no damage.
You hit the orc wizard but do no damage.
The orc wizard appears confused.
You hit the orc wizard but do no damage.
The orc wizard closely misses you.
The orc wizard hits itself with a +0 dagger.
You hit the orc wizard.
The orc wizard is moderately wounded.
You hit the orc wizard.
The orc wizard is moderately wounded.
You strike the helpless orc wizard from behind!
You bite the orc wizard, and draw its blood!
You impale the orc wizard!!
You kill the orc wizard!
Items here: )) [[ †.
Okay, then.
Okay, then.
An orc comes into view. It is wielding a +0 club.
Found a fizzy red potion.
The helpless orc fails to defend itself.
You bite the orc, and draw its blood! You skewer the orc like a kebab!!!
You kill the orc!
Things that are here:
a +0 club; a +0 chain mail; an orc corpse
m - 2 fizzy red potions (gained 1)
Something unseen opens the door.
You sense a monster nearby.
Magic restored.
An ogre is nearby!
Casting: Confusing Touch (quite dangerous; 14% risk of failure)
Press: ? - help, Q - select action, (/) - cycle Dir - look around, f - activate Your hands begin to glow red.
The ogre shouts!
The ogre hits you with a +0 giant club!
The ogre hits you with a +0 giant club!!
Ouch! That really hurt!
You die...

. #. ##.#####
......#### #
#.......##.#
#..........# .
..##.......###....
......'...O)..###....
.....##...@........#
#<....###.........
#.###)# ###.#....# ..
#.# ###.#.....## #
#.###.#.# ##...
#.....#.# .# #
#####.#.#####.#.#
######.#.#.......#
#..........<...#


You could see an ogre.

Vanquished Creatures
  Menkaure (D:4)
  Edmund (D:4)
  A black bear (D:2)
  2 ogres
  A phantom (D:4)
  A wight (D:4)
  A jelly (D:3)
  A hound (D:4)
  4 orc wizards
  2 hound skeletons (D:4)
  2 gnolls (D:4)
  5 adders (D:3)
  An adder skeleton (D:4)
  3 worms (D:2)
  A dart slug (D:2)
  6 orcs
  4 endoplasms
  4 giant cockroaches
  12 hobgoblins
  6 kobolds
  4 quokkas
  14 ball pythons
  4 bats
  3 frilled lizards
  17 goblins
  7 rats
108 creatures vanquished.

Vanquished Creatures (collateral kills)
  An orc (D:3)
1 creature vanquished.

Vanquished Creatures (others)
  3 fungi (D:3)
  A plant (D:3)
4 creatures vanquished.

Grand Total: 113 creatures vanquished

Notes
Turn   | Place    | Note
-------+----------+-------------------------------------------
     0 | D:1      | LynnLen the Vampire Enchanter began the quest for the Orb.
     0 | D:1      | Reached XP level 1. HP: 13/13 MP: 3/3
   695 | D:1      | Reached XP level 2. HP: 15/15 MP: 5/5
   869 | D:1      | Reached skill level 5 in Stealth
  1185 | D:1      | Found a faded altar of an unknown god.
  1389 | D:2      | Gained mutation: You are afflicted with vampirism and can
                  | become a bat while bloodless. [Vampire growth]
  1389 | D:2      | Reached XP level 3. HP: 19/19 MP: 6/6
  1399 | D:1      | Learned a level 3 spell: Confusing Touch
  1514 | D:2      | Noticed a black bear
  1617 | D:2      | Killed a black bear
  1618 | D:2      | Reached skill level 6 in Stealth
  1618 | D:2      | Reached XP level 4. HP: 12/24 MP: 4/7
  1913 | D:2      | Reached XP level 5. HP: 28/28 MP: 8/8
  2539 | D:3      | Noticed an ogre
  2546 | D:3      | Killed an ogre
  2547 | D:3      | Reached skill level 5 in Short Blades
  2547 | D:3      | Reached skill level 7 in Stealth
  2547 | D:3      | Reached XP level 6. HP: 32/32 MP: 9/9
  2603 | D:3      | Found Lulu's Weapon Shop.
  2840 | D:3      | Found a runed translucent gate.
  2840 | D:3      | Noticed Underfrisk's ghost (amateur NaWn)
  2841 | D:3      | Found a runed translucent gate.
  2844 | D:3      | Found a runed translucent gate.
  3954 | D:4      | Noticed Edmund
  4031 | D:4      | Killed Edmund
  4032 | D:4      | Reached XP level 7. HP: 36/36 MP: 10/10
  4136 | D:4      | Reached skill level 8 in Stealth
  4862 | D:5      | Entered Level 5 of the Dungeon
  4959 | D:4      | Noticed Menkaure
  4971 | D:4      | Killed Menkaure
  4972 | D:4      | Reached skill level 9 in Stealth
  5738 | D:5      | Mangled by an ogre

Illustrated notes

Levels and vault maps discovered:
D:1:      minmay_arrival_widening_spiral_narrow, layout_loops_corners,
          dreamdust_ecumenical_altar_hidden_monk_grotto
D:2:      minmay_angry_zag, layout_rooms
D:3:      kennysheep_big_flooded_room, layout_loops_ring, serial_shops,
          nicolae_shop_bloodbath_and_beyond, gammafunk_ghost_nasty_kobolds
D:4:      kennysheep_the_goblin_king, layout_cave_pools, minmay_circle_x,
          uniq_edmund, uniq_menkaure
D:5:      layout_basic, temple_pool_b, uniq_ijyb

Skill      XL: |  1  2  3  4  5  6  7 |
---------------+----------------------+-----
Short Blades   | 2 4 5 6 8 |  8.2
Stealth        | 5 6 7 9 |  9.3
Dodging        | |  2.1
Spellcasting   | |  2.0
Hexes          | |  4.4

Action                   |  1- 3 |  4- 6 |  7- 9 || total
-------------------------+-------+-------+-------++-------
Melee: Dagger            |    88 |   191 |   143 ||   422
       Bite              |     4 |    19 |    14 ||    37
       Punch             |     1 |     1 |     1 ||     3
 Cast: Confusing Touch   |     3 |     7 |    12 ||    22
 Abil: Exsanguinate      |     1 |       |       ||     1
  Use: Scroll            |     2 |     5 |     1 ||     8
       Potion            |     1 |       |       ||     1
 Stab: Sleeping          |    15 |    22 |     4 ||    41
       Confused          |     2 |     6 |     9 ||    17
       Invisible         |     2 |       |       ||     2
Armor: Robe              |     1 |       |       ||     1
       Leather armour    |    25 |    71 |    43 ||   139
Dodge: Dodged            |    42 |    92 |    58 ||   192
